Map: Arctic Dream LE

Players

GevatterTod - Winner!

  • Race: Zerg Zerg
  • Spawn Location: 12:00

Pestilenz - Winner!

  • Race: Protoss Protoss
  • Spawn Location: 11:00

qqq

  • Race: Zerg Zerg
  • Spawn Location: 6:00

Massa

  • Race: Terran Terran
  • League: Platinum
  • Spawn Location: 5:00

VOD

Have the link to the VOD?

Description

Time

  • Played on: Oct. 28, 2020, 4:38 p.m.
  • Length: 6:10
Show
View Real Time Build Order
Export as new Build Order

GevatterTod Zerg - Winner!

Build Orders: Pool First 

Get SALT Encoding   

  12  0:01  Drone  
  13  0:12  Overlord  
  13  0:17  Drone  
  14  0:32  Drone x2  
  14  0:35  Drone  
  17  0:39  Extractor  
  16  0:46  Drone  
  17  0:52  Spawning Pool  
  17  0:55  Drone  
  17  1:07  Drone  
  18  1:22  Hatchery  
  17  1:29  Drone x2  
  19  1:39  Queen  
  21  1:43  Zergling x2  
  22  1:50  Metabolic Boost  
  22  2:06  Roach Warren  
  21  2:11  Drone  
  21  2:12  Overlord  
  22  2:19  Overlord  
  22  2:48  Roach x3  
  22  2:49  Roach x3  
  36  2:51  Roach  
  36  2:55  Roach  
  38  3:03  Zergling x2  
  38  3:04  Zergling x2  
  40  3:09  Overlord  
  40  3:24  Overlord  
  40  3:27  Zergling x4  
  40  3:28  Zergling x4  
  44  3:34  Zergling x4  
  46  3:45  Zergling x4  
  48  3:59  Ravager  
  49  4:09  Zergling x10  
  48  4:46  Zergling x8  
  48  4:47  Zergling x6  
  48  4:50  Zergling x2  
  50  5:01  Zergling x4  
  50  5:15  Zergling x2  
  50  5:16  Zergling x2  
  52  5:25  Drone, Spore Crawler  
  52  5:26  Drone  
  52  5:37  Zergling x4  
  53  5:44  Roach x2  
  57  5:51  Drone  
  57  5:52  Drone  
  57  5:53  Drone x2  
Show
View Real Time Build Order
Export as new Build Order

Pestilenz Protoss - Winner!

Build Orders:  

Get SALT Encoding   

  12  0:04  Probe (Chrono Boost)  
  13  0:17  Pylon  
  13  0:24  Probe  
  14  0:36  Gateway  
  14  0:48  Gateway  
  14  0:52  Probe  
  15  1:04  Probe  
  16  1:11  Assimilator  
  16  1:26  Cybernetics Core  
  16  1:27  Zealot  
  16  1:32  Assimilator  
  18  1:43  Gateway  
  18  1:54  Zealot, Pylon  
  18  2:00  Zealot  
  22  2:06  Probe (Chrono Boost)  
  23  2:29  Pylon  
  23  2:32  Warp Gate (Chrono Boost)  
  23  2:42  Pylon  
  23  2:47  Probe  
  24  2:59  Probe  
  25  3:11  Adept x2  
  25  3:12  Stalker  
  31  3:20  Pylon  
  31  3:24  Gateway  
  31  4:10  Stalker x2  
  31  4:11  Stalker  
  37  4:19  Zealot  
  29  5:00  Stalker x3  
  33  5:14  Nexus  
  33  5:44  Twilight Council  
  33  5:52  Assimilator  
Show
View Real Time Build Order
Export as new Build Order

qqq Zerg 

Build Orders: Hatch First 

Get SALT Encoding   

  12  0:03  Drone  
  13  0:15  Drone  
  14  0:37  Hatchery  
  13  0:43  Drone  
  14  0:57  Spawning Pool  
  13  1:11  Overlord  
  13  1:12  Drone  
  13  1:14  Extractor  
  13  1:15  Drone  
  14  1:41  Drone x2  
  14  1:44  Drone  
  17  1:47  Queen  
  19  2:06  Extractor  
  19  2:08  Drone x2  
  20  2:10  Overlord  
  20  2:12  Drone  
  21  2:16  Drone  
  21  2:22  Zergling x2  
  22  2:28  Metabolic Boost  
  22  2:33  Drone  
  22  2:35  Drone  
  24  2:38  Zergling x2  
  24  2:42  Zergling x2  
  26  2:50  Baneling Nest  
  25  2:51  Drone  
  26  3:04  Drone x3  
  29  3:06  Drone  
  29  3:10  Zergling x2  
  29  3:12  Overlord  
  31  3:22  Drone  
  31  3:24  Drone, Spine Crawler  
  32  3:29  Overlord  
  32  3:31  Zergling x2  
  33  3:42  Queen  
  33  3:43  Drone  
  33  3:44  Drone  
  33  3:46  Drone  
  38  3:50  Baneling x4  
  38  3:51  Baneling  
  38  4:11  Overlord  
  38  4:12  Zergling x10  
  43  4:26  Zergling x2  
  43  4:30  Spine Crawler  
  34  4:49  Spine Crawler x2, Zergling x6  
  34  4:50  Zergling x4  
  33  4:53  Spine Crawler x2  
  30  5:03  Zergling x4  
Show
View Real Time Build Order
Export as new Build Order

Massa Terran 

Build Orders: Reaper Expand 

Get SALT Encoding   

  12  0:00  SCV  
  13  0:13  SCV  
  14  0:16  Supply Depot  
  14  0:25  SCV  
  15  0:38  SCV  
  15  0:39  Barracks  
  16  0:49  Refinery  
  16  0:50  SCV  
  17  0:57  Supply Depot  
  17  1:04  SCV  
  18  1:16  SCV  
  19  1:32  Orbital Command  
  19  1:37  Reaper  
  20  1:49  Command Center  
  20  1:58  SCV  
  21  2:04  Barracks  
  21  2:09  Marine  
  21  2:10  SCV  
  23  2:23  SCV  
  23  2:27  Factory  
  23  2:28  Barracks Reactor  
  24  2:34  Bunker  
  24  2:37  SCV  
  24  2:43  Barracks  
  25  3:18  Marine x2  
  26  3:20  Barracks Tech Lab  
  26  3:24  Orbital Command  
  26  3:28  Refinery, Factory Tech Lab  
  26  3:32  Barracks Reactor  
  26  3:36  Marine x2  
  26  3:40  SCV  
  29  3:44  Marauder  
  31  3:52  SCV  
  31  3:54  Marine x2  
  34  3:57  Siege Tank  
  37  4:05  Marauder  
  37  4:06  Supply Depot  
  37  4:09  Supply Depot  
  39  4:11  SCV x2  
  39  4:12  Marine x2  
  39  4:15  Marine x2  
  45  4:23  SCV  
  46  4:27  SCV, Marine  
  46  4:30  Marine x2  
  49  4:46  Marauder  
  49  4:52  Widow Mine  
  38  4:53  Marine x2  
  38  4:54  Marine x2  
  41  5:07  Marauder  
  41  5:11  Marine x4  
  41  5:13  Widow Mine, SCV x2  
  47  5:25  SCV x2  
  51  5:28  Marauder  
  51  5:29  Marine  
  51  5:30  Starport  
  52  5:37  SCV x2  
  52  5:39  Barracks  
  52  5:41  Barracks  
  54  5:42  Refinery  
  54  5:45  Refinery  
  54  5:49  SCV x2  
  56  5:50  Barracks  
Tags
 
Add a new tag
Caveats
  • Supply blocks, unpowered buildings, or Contaminate may cause inaccurate times.
  • Supply counts are checked every 10 seconds.